 Dungeon Crawl Stone Soup version 0.30.1-4-g462c640d31 (webtiles) character file.

Game seed: 17435524746842722080

274 MrPagan1517 the Trooper (level 6, -2/56 HPs)
             Began as a Minotaur Fighter on Aug 28, 2023.
             Killed from afar by Sigmund (7 damage)
             ... with a puff of flame
             ... on level 3 of the Dungeon.
             The game lasted 00:07:42 (1617 turns).

MrPagan1517 the Trooper (Minotaur Fighter)          Turns: 1617, Time: 00:07:43

Health: -2/56      AC:  7    Str: 23    XL:     6   Next: 3%
Magic:  5/5        EV:  9    Int:  5    God:
Gold:   99         SH:  0    Dex:  9    Spells: 5/5 levels left

rFire   . . .        e - +3 dagger (drain)
rCold   . . .        c - +0 buckler
rNeg    . . .        b - +0 scale mail
rPois   .            (helmet restricted)
rElec   .            (no cloak)
rCorr   .            (no gloves)
SInv    .            (no boots)
Will    .....        (no amulet) Stlth
                     (no ring)
HPRegen 0.29/turn    (no ring)
MPRegen 0.09/turn

%: no passive effects
@: confused, lethally poisoned (-2 -> -5)
A: horns 2, retaliatory headbutt
a: no special abilities


You were on level 3 of the Dungeon.
You visited 1 branch of the dungeon, and saw 3 of its levels.

You collected 99 gold pieces.

Inventory:

Hand Weapons
 a - a +1 flail
 e - a +3 dagger of draining (weapon)
Armour
 b - a +0 scale mail (worn)
 c - a +0 buckler (worn)
Potions
 d - a potion of might
 h - 3 potions of curing
 i - 3 potions of attraction {unknown}
 j - a potion of flight {unknown}
 m - a potion of mutation {unknown}


   Skills:
 * Level 5.1 Fighting
 * Level 1.3 Short Blades
 + Level 4.4 Maces & Flails
 + Level 4.9 Armour
 - Level 0.5 Dodging
 + Level 4.7 Shields


You had 5 spell levels left.
You didn't know any spells.
Your spell library was empty.

Dungeon Overview and Level Annotations

Branches:
Dungeon (3/15)

Altars:

Shops:
D:2 *

Annotations:
D:3 Sigmund


Innate Abilities, Weirdness & Mutations

You have a pair of horns on your head.
You reflexively headbutt those who attack you in melee.


Message History

You are too injured to fight recklessly!
You are too injured to fight recklessly!
You feel better.
The hobgoblin hits you but does no damage.
You feel protected.
An orc comes into view. It is wielding a +0 club.
The hobgoblin hits you. Sigmund hits you but does no damage.
You are poisoned.
Your magical effects are unravelling.
You feel magically purged.
Your resistance to elements expires.
You feel very sick.
The orc shouts!
The hobgoblin hits you.
Sigmund zaps a wand.
The puff of flame hits you.
Read: scroll of fear
Press: ? - help, Q - select action, (/) - cycle Dir - look around, f - activate
As you read the scroll of fear, it crumbles to dust.
You assume a fearsome visage.
Sigmund looks frightened!
The orc looks frightened! x5
The hobgoblin looks frightened!
You feel sick.
The orc looks desperately for an escape route.
Sigmund gestures wildly while chanting.
Sigmund flickers and vanishes!
Deactivating autopickup; reactivate with Ctrl-A.
You hit something.
You feel sick.
You feel sick.
You hear some strange, mumbled words.
You are confused.
You feel sick.
The hobgoblin begs for mercy.
You hear a zap.
A puff of flame appears from out of thin air!
The puff of flame hits you!
* * * LOW HITPOINT WARNING * * *
You feel sick.
You hear a zap.
A puff of flame appears from out of thin air!
The puff of flame hits you!
You die...

.......................
.#.....................
#.....................
#.....................
.##.....................
........................
........................
#.....................(.
#......@...†......).....
#.......................
##.....{...........#####
#.................# #
#.................# #
................... #
##...g.........o... #
#............o... .
#.......##..... .


You could see an orc (fleeing) and a hobgoblin (fleeing).

Vanquished Creatures
  A phantom (D:2)
  An orc priest (D:3)
  Jessica (D:3)
  2 orc wizards (D:3)
  4 adders
  2 worms
  A dart slug (D:3)
  3 orcs (D:3)
  4 ball pythons
  2 bats (D:2)
  4 endoplasms
  A giant cockroach (D:1)
  6 goblins
  5 hobgoblins
  4 kobolds
  4 frilled lizards
  5 rats
50 creatures vanquished.

Notes
Turn   | Place    | Note
-------+----------+-------------------------------------------
     0 | D:1      | MrPagan1517 the Minotaur Fighter began the quest for the
                  | Orb.
     0 | D:1      | Reached XP level 1. HP: 19/19 MP: 0/0
   165 | D:1      | Reached XP level 2. HP: 26/27 MP: 1/1
   181 | D:1      | Found a faded altar of an unknown god.
   541 | D:2      | Found Ygoyqof's Assorted Antiques.
   586 | D:2      | Noticed a phantom
   599 | D:2      | Killed a phantom
   600 | D:2      | Reached skill level 4 in Fighting
   600 | D:2      | Reached XP level 3. HP: 10/33 MP: 2/2
   600 | D:2      | Reached XP level 4. HP: 13/40 MP: 3/3
  1355 | D:3      | Noticed Jessica
  1360 | D:3      | Killed Jessica
  1361 | D:3      | Reached XP level 5. HP: 42/47 MP: 4/4
  1449 | D:3      | Reached skill level 5 in Fighting
  1449 | D:3      | Reached skill level 1 in Short Blades
  1451 | D:3      | Reached XP level 6. HP: 20/56 MP: 5/5
  1601 | D:3      | Noticed Sigmund
  1617 | D:3      | Killed from afar by Sigmund

Illustrated notes

Levels and vault maps discovered:
D:1:      psy_arrival_conway, layout_rooms,
          hellmonk_ecumenical_altar_arch_garden, minmay_stone_trees_small
D:2:      layout_loops_ring, serial_shops, nicolae_square_shop
D:3:      layout_basic, minmay_ogre_servants, uniq_jessica, uniq_sigmund

Skill      XL: |  1  2  3  4  5 |
---------------+----------------+-----
Shields        | 4 |  4.7
Armour         | 4 |  4.9
Fighting       | 4 5 |  5.1
Maces & Flails | 3 4 |  4.4
Short Blades   | 1 |  1.3
Dodging        | |  0.5

Action                     |  1- 3 |  4- 6 || total
---------------------------+-------+-------++-------
  Melee: Flail             |    66 |    43 ||   109
         Headbutt          |     6 |    14 ||    20
         Dagger            |       |    31 ||    31
    Use: Scroll            |     5 |     7 ||    12
         Potion            |       |     4 ||     4
 Armour: Scale mail        |    28 |    31 ||    59
  Dodge: Dodged            |    36 |    23 ||    59
  Block: Buckler           |    14 |     9 ||    23
